 Dungeon Crawl Stone Soup version 0.19-a0-1206-g6bcb79c (webtiles) character file.

207 PurpleRed the Magician (level 5, 0/28 HPs)
             Began as a Deep Elf Fire Elementalist on Aug 21, 2016.
             Killed from afar by Sigmund (7 damage)
             ... with a magic dart
             ... on level 3 of the Dungeon.
             The game lasted 00:09:08 (785 turns).

PurpleRed the Magician (Deep Elf Fire Elementalist)  Turns: 785, Time: 00:09:09

Health: 0/28       AC:  3    Str:  5    XL:     5   Next: 54%
Magic:  17/23      EV: 13    Int: 21    God:
Gold:   71         SH:  0    Dex: 15    Spells: 4 memorised, 4 levels left

rFire  . . .     SeeInvis .     (no weapon)
rCold  . . .     Gourm    .     a - +1 robe
rNeg   . . .     Faith    .     (no shield)
rPois  .         Spirit   .     (no helmet)
rElec  .         Dismiss  .     (no cloak)
rCorr  .         Reflect  .     (no gloves)
MR     .....     Harm     .     (no boots)
Stlth  ++........               (no amulet)
                                (no ring)
                                e - ring of magical power

@: very slightly contaminated
A: no striking features
a: no special abilities


You were on level 3 of the Dungeon.
You were not hungry.

You visited 1 branch of the dungeon, and saw 6 of its levels.

You collected 71 gold pieces.

Inventory:

Hand Weapons
 d - a +0 dagger
Missiles
 i - 6 javelins of penetration (quivered)
Armour
 a - a +1 robe (worn)
Jewellery
 e - a ring of magical power (left hand)
Wands
 m - a wand of lightning (7/15)
Scrolls
 n - a scroll of teleportation
Potions
 f - a potion of invisibility
 h - a potion of might {unknown}
 j - a potion of agility {unknown}
Books
 b - a book of Flames

   Spells                             Type                      Level
   a - Flame Tongue                   Conjuration/Fire             1
   b - Throw Flame                    Conjuration/Fire             2
   c - Conjure Flame                  Conjuration/Fire             3
   d - Inner Flame                    Hexes/Fire                   3
   e - Sticky Flame                   Conjuration/Fire             4
   f - Fireball                       Conjuration/Fire             5
Comestibles
 c - 2 bread rations


   Skills:
 - Level 2.4 Dodging
 - Level 2.4 Stealth
 + Level 5.0 Spellcasting
 + Level 4.3 Conjurations
 + Level 4.1 Fire Magic


You had 4 spell levels left.
You knew the following spells:

 Your Spells              Type           Power        Failure   Level  Hunger
a - Flame Tongue          Conj/Fire      ###..        1%          1    None
b - Throw Flame           Conj/Fire      ###...       2%          2    None
c - Conjure Flame         Conj/Fire      ###.....     6%          3    ##.....
d - Sticky Flame          Conj/Fire      ###.....     21%         4    ####...


Dungeon Overview and Level Annotations

Branches:
Dungeon (6/15)
 Temple: D:4-7

Altars:
Ashenzari

Annotations:
D:3 Sigmund
D:4 PurpleRed's ghost, weakling DEVM


Message History

Casting: Throw Flame
Confirm with . or Enter, or press ? or * to list all spells.
Aiming: Throw Flame
Press: ? - help, Shift-Dir - straight line, f - orc
Aim: an orc, wielding a club and wearing a leather armour The puff of flame hits the orc.
You kill the orc!
Sigmund the Dreaded comes into view.
He is wielding a scythe.
An orc comes into view. It is wielding a club.
Casting: Throw Flame
Confirm with . or Enter, or press ? or * to list all spells.
Aiming: Throw Flame
Press: ? - help, Shift-Dir - straight line, f - orc
Aim: an orc, wielding an enchanted hand axe and wearing a ring mail The puff of flame hits the orc.
You kill the orc!
Sigmund shouts!
Sigmund casts a spell at you. The magic dart hits you!
You die...

#§§.§§...........+
#§#§§............# #.
##### #§######.........#
.. #.... #.#
#....÷.......######.##....
#.#
#.##.................#....
#.###.##..............
#.#...†
#.....................
+......
..###.##..............
#...... . ..
###.).@........ ##.....
..########............
#.....
...........#####.@o...
##.... ........####
###....... #....
........####....
.....###....
##.........)....
..#....††..
#.........o.... .#......##
#.........@)... #......##
###.....###...o #.......#


You could see Sigmund and an orc.

Vanquished Creatures
  2 hounds
  3 worker ants
  3 adders
  An ooze (D:2)
  A giant gecko (D:2)
  8 orcs
  3 giant cockroaches
  6 goblins
  A hobgoblin (D:1)
  4 kobolds
  4 bats
  2 giant newts (D:3)
  5 rats
43 creatures vanquished.

Notes
Turn   | Place    | Note
-------+----------+-------------------------------------------
     0 | D:1      | PurpleRed the Deep Elf Fire Elementalist began the quest for the Orb.
     0 | D:1      | Reached XP level 1. HP: 10/10 MP: 6/6
    19 | D:1      | Found a shattered altar of Ashenzari.
   176 | D:2      | Reached XP level 2. HP: 15/15 MP: 8/8
   188 | D:2      | Learned a level 2 spell: Throw Flame
   262 | D:1      | Reached XP level 3. HP: 11/19 MP: 10/10
   284 | D:2      | Learned a level 3 spell: Conjure Flame
   315 | D:3      | Found a faded altar of an unknown god.
   442 | D:3      | Reached skill level 4 in Spellcasting
   442 | D:3      | Reached XP level 4. HP: 11/24 MP: 12/12
   448 | D:3      | Learned a level 4 spell: Sticky Flame
   608 | D:5      | Entered Level 5 of the Dungeon
   667 | D:4      | Reached XP level 5. HP: 12/28 MP: 14/14
   694 | D:4      | Reached skill level 5 in Spellcasting
   700 | D:4      | Noticed PurpleRed's ghost (weakling DEVM)
   775 | D:3      | Noticed Sigmund
   785 | D:3      | Killed from afar by Sigmund

Vault maps used:
D:1:      scummos_arrival_hexagon, evilmike_ruin_ashenzari
D:2:      zin_academy, fedhas_altar_1
D:3:      lemuel_doored_altar, ecumenical_altar_2, uniq_sigmund,
          uniq_crazy_yiuf_cottage
D:4:      old_standard_altar, uniq_pikel, uniq_natasha
D:5:      first_bread
D:6:      marbit_many_paths, nicolae_gozag_cash_rules_everything_around_me,
          uniq_prince_ribbit1

Skill      XL: |  1  2  3  4  5 |
---------------+----------------+-----
Conjurations   | 2 3 4 |  4.3
Spellcasting   | 4 5 |  5.0
Fire Magic     | 4 |  4.1
Dodging        | |  2.4
Stealth        | |  2.4

Action                   |  1- 3 |  4- 6 || total
-------------------------+-------+-------++-------
 Cast: Flame Tongue      |    43 |    26 ||    69
       Sticky Flame      |       |     2 ||     2
       Throw Flame       |       |     5 ||     5
  Use: Scroll            |     4 |     4 ||     8
       Potion            |       |     1 ||     1
Armor: Robe              |     4 |       ||     4
Dodge: Dodged            |    11 |     6 ||    17
